Map: Dusk Towers

Players

Timon

  • Race: Protoss Protoss
  • League: Silver

lesha - Winner!

  • Race: Terran Terran
  • League: Silver

VOD

Have the link to the VOD?

Description

Time

  • Played on: Dec. 23, 2015, 9:09 a.m.
  • Length: 16:06
Show
View Real Time Build Order
Export as new Build Order

Timon Protoss 

Build Orders: Oracle Opening 

Get SALT Encoding   

  12  0:02  Probe (Chrono Boost)  
  13  0:12  Probe (Chrono Boost)  
  14  0:21  Pylon  
  14  0:23  Probe (Chrono Boost)  
  15  0:30  Assimilator  
  15  0:39  Probe (Chrono Boost)  
  16  0:46  Gateway  
  16  0:49  Probe (Chrono Boost)  
  17  1:00  Probe (Chrono Boost)  
  18  1:07  Gateway  
  18  1:11  Probe (Chrono Boost)  
  19  1:21  Probe (Chrono Boost)  
  20  1:32  Probe (Chrono Boost)  
  21  1:34  Cybernetics Core  
  21  1:42  Probe (Chrono Boost)  
  22  1:49  Pylon  
  22  1:54  Probe (Chrono Boost), Pylon  
  23  1:58  Assimilator  
  23  2:07  Probe (Chrono Boost)  
  24  2:17  Stargate  
  24  2:20  Pylon  
  24  2:22  Pylon  
  24  2:25  Warp Gate  
  24  2:29  Adept (Chrono Boost)  
  26  2:38  Adept (Chrono Boost)  
  25  2:52  Probe  
  26  3:04  Probe  
  27  3:09  Oracle  
  30  3:16  Probe  
  31  3:23  Nexus  
  31  3:29  Mothership Core (Chrono Boost)  
  33  3:35  Adept  
  33  3:39  Adept  
  37  4:15  Probe (Chrono Boost)  
  38  4:25  Probe (Chrono Boost)  
  39  4:36  Probe (Chrono Boost)  
  40  4:46  Probe (Chrono Boost)  
  41  4:54  Void Ray  
  45  5:13  Stalker x2  
  49  5:16  Gateway  
  49  5:17  Probe (Chrono Boost)  
  49  5:18  Gateway  
  49  5:19  Probe (Chrono Boost)  
  49  5:21  Gateway  
  51  5:23  Gateway  
  51  5:27  Probe (Chrono Boost)  
  52  5:30  Probe (Chrono Boost)  
  52  5:31  Pylon  
  53  5:37  Void Ray  
  53  5:38  Probe (Chrono Boost)  
  58  5:45  Stalker x2  
  58  6:10  Probe (Chrono Boost)  
  58  6:20  Void Ray  
  58  6:21  Probe (Chrono Boost)  
  63  6:32  Probe (Chrono Boost)  
  64  6:35  Stalker x4  
  64  6:36  Stalker  
  64  6:39  Sentry  
  76  6:42  Probe (Chrono Boost)  
  77  6:53  Probe (Chrono Boost)  
  78  7:24  Pylon  
  78  7:25  Pylon  
  78  7:27  Pylon  
  78  7:42  Void Ray  
  78  7:43  Sentry x2  
  83  7:47  Stalker  
  85  8:09  Nexus  
  85  8:13  Pylon  
  85  8:17  Pylon  
  85  8:19  Probe (Chrono Boost)  
  86  8:20  Pylon  
  86  8:25  Void Ray, Assimilator  
  90  8:29  Probe (Chrono Boost)  
  90  8:30  Assimilator  
  90  8:34  Stalker x2  
  95  8:40  Probe (Chrono Boost)  
  93  9:00  Probe (Chrono Boost)  
  94  9:10  Probe (Chrono Boost)  
  95  9:21  Stalker x4, Probe (Chrono Boost)  
  95  9:22  Stalker x2  
  109  9:24  Probe (Chrono Boost)  
  109  9:31  Probe (Chrono Boost)  
  109  9:34  Probe (Chrono Boost)  
  111  9:42  Probe (Chrono Boost)  
  111  9:43  Forge  
  111  9:45  Probe (Chrono Boost)  
  105  10:20  Mothership Core (Chrono Boost)  
  105  10:21  Stalker x4  
  103  10:22  Stalker x2  
  113  10:38  Probe (Chrono Boost)  
  112  10:46  Robotics Facility  
  112  10:49  Probe (Chrono Boost)  
  83  11:00  Probe (Chrono Boost)  
  84  11:21  Stalker  
  84  11:22  Stalker x5  
  96  11:27  Void Ray  
  96  11:31  Probe (Chrono Boost)  
  101  11:34  Assimilator  
  101  11:39  Immortal, Assimilator  
  105  11:41  Probe (Chrono Boost)  
  106  11:47  Robotics Bay  
  106  11:52  Probe (Chrono Boost), Protoss Ground Weapons Level 1  
  107  12:01  Twilight Council  
  107  12:02  Probe (Chrono Boost)  
  108  12:10  Void Ray, Photon Cannon  
  108  12:13  Photon Cannon  
  112  12:15  Pylon  
  112  12:18  Observer, Pylon  
  112  12:21  Probe (Chrono Boost)  
  114  12:31  Sentry x2, Probe (Chrono Boost)  
  114  12:32  Sentry x2  
  114  12:35  Stalker  
  114  12:36  Stalker  
  127  12:42  Probe (Chrono Boost)  
  128  12:49  Disruptor (Chrono Boost)  
  131  12:52  Probe (Chrono Boost)  
  132  13:01  Probe (Chrono Boost)  
  133  13:09  Stalker  
  133  13:10  Stalker x4  
  143  13:21  Disruptor (Chrono Boost)  
  146  13:32  Stalker  
  148  13:35  Blink (Chrono Boost)  
  148  13:54  Stalker x4  
  156  14:04  Pylon  
  156  14:06  Pylon  
  156  14:12  Pylon  
  156  14:14  Pylon  
  156  14:41  Stalker x3  
  156  14:42  Stalker  
  151  15:16  Pylon  
  151  15:17  Pylon  
  151  15:19  Pylon  
  151  15:20  Pylon  
  151  15:22  Pylon  
Show
View Real Time Build Order
Export as new Build Order

lesha Terran - Winner!

Build Orders: Liberator Opening 

Get SALT Encoding   

  12  0:01  SCV  
  13  0:13  SCV  
  14  0:17  Supply Depot  
  14  0:25  SCV  
  15  0:39  SCV  
  15  0:40  Barracks  
  16  0:48  Refinery  
  16  0:51  SCV  
  17  1:03  SCV  
  18  1:15  SCV  
  19  1:27  SCV  
  19  1:31  Reaper  
  21  1:41  Command Center  
  21  1:44  Orbital Command  
  21  2:02  Supply Depot  
  21  2:09  Factory  
  21  2:11  SCV  
  22  2:21  Refinery  
  22  2:22  Marine  
  23  2:24  SCV  
  24  2:36  SCV  
  25  2:40  Marine  
  26  2:48  SCV  
  27  2:55  Hellion  
  27  2:57  Marine  
  30  2:58  Starport  
  30  3:00  SCV  
  30  3:05  Orbital Command  
  31  3:12  SCV  
  31  3:16  Hellion  
  31  3:19  Barracks  
  33  3:25  SCV  
  34  3:29  Barracks Tech Lab  
  34  3:34  SCV  
  34  3:37  SCV, Liberator  
  36  3:46  SCV  
  37  3:49  SCV  
  37  3:52  Engineering Bay  
  41  3:58  SCV  
  41  4:01  SCV  
  43  4:02  Stimpack  
  43  4:03  Marine  
  44  4:12  Barracks  
  44  4:15  SCV x2, Barracks  
  46  4:24  Marine  
  46  4:25  Widow Mine  
  41  4:49  SCV x2  
  43  4:54  Marine x2  
  45  5:01  SCV  
  45  5:02  Barracks Reactor x2  
  46  5:09  Supply Depot  
  46  5:11  Supply Depot  
  46  5:12  Supply Depot  
  46  5:18  Starport Reactor  
  46  5:20  Factory Tech Lab  
  46  5:28  Supply Depot  
  46  5:30  SCV, Marine  
  46  5:31  Marauder  
  50  5:36  SCV  
  52  5:42  SCV  
  52  5:48  SCV  
  53  5:53  Marine x2  
  53  5:54  Barracks Reactor, SCV, Marine x2  
  53  5:55  Marine  
  59  5:57  Medivac  
  59  6:00  SCV  
  62  6:09  SCV  
  63  6:11  Marine  
  63  6:12  SCV  
  63  6:17  Marine  
  63  6:18  Marine x3  
  66  6:21  SCV  
  67  6:25  Terran Infantry Weapons Level 1  
  67  6:29  Marine  
  68  6:36  Marauder, Engineering Bay, Marine x3  
  68  6:37  Marine x2  
  75  6:46  SCV, Refinery  
  77  6:47  SCV, Marine  
  77  6:48  Refinery  
  70  6:54  Marine x4  
  70  6:55  Marine  
  70  6:57  Marine  
  70  6:59  SCV x2  
  76  7:03  Missile Turret  
  76  7:05  Marine  
  77  7:11  SCV  
  77  7:12  Missile Turret  
  77  7:15  Missile Turret  
  78  7:16  Missile Turret  
  78  7:19  Missile Turret  
  78  7:21  Supply Depot, Missile Turret  
  78  7:22  Supply Depot x3  
  78  7:29  Marine  
  78  7:30  Marine  
  78  7:34  Marine  
  78  7:35  SCV  
  78  7:42  SCV, Marine x3  
  82  7:45  Marine  
  82  7:47  SCV, Terran Infantry Armor Level 1, Marine  
  82  7:48  Marine  
  86  7:52  Marine  
  86  7:54  SCV  
  88  7:59  SCV, Medivac x2  
  88  8:00  Marine  
  88  8:02  Marine x2  
  96  8:07  SCV  
  96  8:11  SCV  
  98  8:13  Marine x3  
  98  8:14  Marine  
  98  8:18  Marine  
  98  8:19  SCV  
  104  8:23  SCV  
  105  8:29  Medivac  
  105  8:31  SCV, Marine x2  
  110  8:41  SCV  
  110  8:42  Marine  
  110  8:44  Marine  
  110  8:56  Marine x5  
  110  9:00  Marine  
  110  9:02  Marine  
  110  9:22  Command Center  
  110  9:29  Marine x7  
  110  9:30  Supply Depot x2, SCV x2, Medivac x2  
  123  9:42  SCV  
  123  9:43  SCV  
  125  9:47  Marine  
  125  9:50  Armory  
  125  9:51  Marine x3  
  129  10:04  Supply Depot  
  129  10:05  Supply Depot  
  128  10:07  Supply Depot  
  95  10:30  Marine x3  
  95  10:31  Marine x3  
  60  10:59  Marine x5  
  60  11:00  Marine x2  
  65  11:08  SCV x2  
  67  11:17  Marine  
  65  11:20  SCV x2  
  65  11:23  Marine x6  
  73  11:30  Command Center  
  73  11:35  Marine  
  73  11:39  SCV x2  
  76  11:40  Marine  
  76  11:41  Marine x3  
  80  11:47  Terran Infantry Weapons Level 2  
  80  11:51  SCV  
  80  11:52  SCV  
  82  12:03  SCV, Marine  
  82  12:04  Command Center, Marine  
  82  12:05  Missile Turret  
  85  12:10  Missile Turret  
  85  12:16  Marine x4  
  89  12:26  Missile Turret  
  89  12:29  Orbital Command  
  89  12:31  SCV  
  89  12:32  SCV  
  89  12:34  Marine  
  89  12:35  Marine  
  93  12:38  Marine x2  
  93  12:43  Terran Infantry Armor Level 2  
  93  12:44  SCV x2  
  97  12:55  Orbital Command  
  97  13:01  SCV x3  
  100  13:09  Marine x3  
  100  13:10  Marine x4  
  107  13:13  SCV x2  
  107  13:19  Medivac  
  111  13:20  Medivac  
  113  13:27  Marine x3  
  113  13:28  Marauder  
  113  13:29  Barracks  
  113  13:31  Barracks  
  118  13:34  Barracks  
  118  13:35  Barracks x2  
  118  13:39  SCV x3  
  118  13:40  SCV x2  
  123  13:43  Marine  
  123  13:44  Marine x2  
  123  13:45  Marine x3  
  129  13:50  Marauder  
  129  13:51  SCV x3  
  129  13:52  SCV x2  
  129  13:53  Medivac x2  
  140  14:01  Marine x2  
  140  14:02  Marine  
  143  14:03  Marine x3  
  146  14:11  Marauder  
  146  14:16  SCV x2  
  146  14:17  SCV x3  
  152  14:19  Marine x3  
  152  14:20  Marine  
  152  14:21  Marine x2  
  159  14:24  Marine  
  159  14:26  Barracks Reactor x4  
  159  14:27  Medivac x2  
  159  14:28  SCV  
  159  14:29  SCV x2  
  167  14:33  Marauder  
  167  14:37  Marine x3  
  172  14:38  Marine  
  172  14:39  Marine x2  
  172  14:42  Marine  
  176  14:54  Marauder  
  176  14:55  Marine x3  
  176  14:56  Marine  
  176  14:57  Medivac x2  
  176  14:59  Marine x2  
  188  15:00  Marine  
  188  15:01  Marine x2  
  189  15:12  Marine  
  189  15:13  Marine x2  
  190  15:14  Marine  
  190  15:15  Marine x4  
  190  15:16  Marine x3  
  190  15:17  Marine x2  
  200  15:24  Marine  
  200  15:25  Marine x2  
  182  15:30  Marine x2  
  182  15:31  Marine  
  182  15:32  Marine  
  182  15:33  Marine x6  
  182  15:34  Marine x2  
  182  15:35  Marine  
  189  15:42  Marine  
  173  15:48  Marine x4  
Tags
 
Add a new tag
Caveats
  • Supply blocks, unpowered buildings, or Contaminate may cause inaccurate times.
  • Supply counts are checked every 10 seconds.